 Dungeon Crawl Stone Soup version 0.14-a0-2644-gcc8e764 (webtiles) character file.

240 HollowCharge the Shield-Bearer (level 4, -1/40 HPs)
             Began as a Minotaur Fighter on Feb 16, 2014.
             Slain by wojtek's ghost (14 damage)
             ... on Level 3 of the Dungeon.
             The game lasted 00:08:53 (1870 turns).

HollowCharge the Shield-Bearer (Minotaur Fighter)   Turns: 1870, Time: 00:08:53

HP  -1/40        AC  7     Str 21      XL: 4   Next: 42%
MP   2/2         EV  7     Int  5      God:
Gold 143         SH 19     Dex 10      Spells:  0 memorised,  3 levels left

rFire  . . .     SeeInvis .     a - +0 falchion
rCold  . . .     Clarity  .     b - +0 scale mail
rNeg   . . .     Conserve .     c - +0 shield
rPois  .         rCorr    .     (helmet restricted)
rElec  .         rRot     .     (no cloak)
SustAb . .       Spirit   .     (no gloves)
rMut   .         Warding  .     (no boots)
Saprov . . .     Stasis   .     (no amulet)
MR     .....                    (no ring)
                                (no ring)

@: not resistant to hostile enchantments, extremely unstealthy
A: retaliatory headbutt, horns 2
a: no special abilities


You were on level 3 of the Dungeon.
You were not hungry.

You visited 1 branch of the dungeon, and saw 3 of its levels.

You collected 143 gold pieces.

Inventory:

Hand weapons
 a - a +0,+0 falchion (weapon)
 p - a +0,+0 falchion
Armour
 b - a +0 scale mail (worn)
 c - a +0 shield (worn)
Magical devices
 n - a wand of teleportation (5) {unknown}
Comestibles
 d - a bread ration
 s - a chunk of rat flesh
Scrolls
 e - 3 scrolls of remove curse {unknown}
 f - a scroll of random uselessness {unknown}
 g - 3 scrolls of fear {unknown}
 h - a scroll of fog {unknown}
 i - 4 scrolls of identify {unknown}
 j - a scroll of magic mapping {unknown}
 q - 3 scrolls of teleportation {unknown}
 r - 2 scrolls of curse weapon {unknown}
Potions
 k - a potion of poison {unknown}
 l - 3 potions of curing {unknown}
 m - a potion of mutation {unknown}
 o - a potion of invisibility {unknown}


   Skills:
 + Level 3.9 Fighting
 * Level 3.2 Long Blades
 + Level 4.3 Armour
 + Level 2.1 Dodging
 + Level 4.4 Shields


You had 3 spell levels left.
You didn't know any spells.

Dungeon Overview and Level Annotations

Branches:
Dungeon (3/16)

Altars:
Ashenzari

Annotations:
D:3 wojtek's ghost, average KoAs


Innate Abilities, Weirdness & Mutations

You reflexively headbutt those who attack you in melee.
You have a pair of horns on your head.


Message History

Wojtek's ghost is lightly damaged.
Wojtek's ghost hits you but does no damage.
You hit wojtek's ghost.
Wojtek's ghost is moderately damaged.
Wojtek's ghost hits you.
You are electrocuted!
Ouch! That really hurt!
You closely miss wojtek's ghost.
Wojtek's ghost is moderately damaged.
You block wojtek's ghost's attack.
You hit wojtek's ghost. You headbutt wojtek's ghost.
Wojtek's ghost is heavily damaged.
You hit the giant gecko.
The giant gecko is almost dead.
Wojtek's ghost hits you. The giant gecko bites you.
You hit wojtek's ghost but do no damage.
Wojtek's ghost is heavily damaged.
The giant gecko barely misses you.
Wojtek's ghost hits you but does no damage.
You are electrocuted!
You die...

###.########
#####....%.%....
#.......#######.
#.###....#
###.###.....#
#..%.......##
#.#.#####.##
##.#.# #.#
#p@#.# #.#
#l##.. ..# #.
### #. .. .. ...
... .


You could see wojtek's ghost and a giant gecko.

Vanquished Creatures
  4 adders (D:2)
  2 giant mites (D:3)
  An inept feature mimic (D:2)
  5 orcs (D:3)
  2 ball pythons
  7 hobgoblins
  5 kobolds
  A quokka (D:3)
  2 bats
  2 giant cockroaches
  3 giant newts
  2 goblins (D:2)
  4 rats
40 creatures vanquished.

Notes
Turn   | Place    | Note
--------------------------------------------------------------
     0 | D:1      | HollowCharge, the Minotaur Fighter, began the quest for the Orb.
     0 | D:1      | Reached XP level 1. HP: 19/19 MP: 1/1
   565 | D:1      | Reached XP level 2. HP: 25/27 MP: 1/1
   806 | D:2      | Reached skill level 4 in Armour
   813 | D:2      | Reached skill level 1 in Dodging
   813 | D:2      | Reached XP level 3. HP: 33/33 MP: 2/2
  1226 | D:2      | Found a shattered altar of Ashenzari.
  1333 | D:3      | Reached XP level 4. HP: 40/40 MP: 2/2
  1862 | D:3      | Noticed wojtek's ghost (average KoAs)
  1870 | D:3      | Slain by wojtek's ghost

Action                   |  1- 3 |  4- 6 || total
-------------------------+-------+-------++-------
Melee: Falchion          |    82 |    29 ||   111
